 Dungeon Crawl Stone Soup version 0.30-a0-1157-g2cc9ac7196 (webtiles) character file.

Game seed: 6445359257392971283

191 AleXD21137 the Ruffian (level 5, -6/53 HPs)
             Began as a Troll Berserker on Apr 21, 2023.
             Was a Believer of Trog.
             Mangled by Duvessa
             ... wielding a +2 rapier of electrocution
              (7 damage)
             ... on level 4 of the Dungeon on Apr 24, 2023.
             The game lasted 00:21:44 (3461 turns).

AleXD21137 the Ruffian (Troll Berserker)            Turns: 3461, Time: 00:21:45

Health: -6/53      AC:  5    Str: 24 (25) XL:     5   Next: 41%
Magic:  4/4        EV: 10    Int:  3 (5)  God:    Trog [**....]
Gold:   65         SH:  0    Dex:  8 (9)  Spells: 4/4 levels left

rFire   . .          .
                       - Unarmed
rCold   . . .        (no shield)
rNeg    . . .        a - +0 animal skin
rPois   .            k - +1 hat
rElec   .            o - scarf {repulsion}
rCorr   .            (gloves unavailable)
SInv    .            (boots unavailable)
Will    .....        (no amulet)
Stlth   +            (no ring)
HPRegen 1.08/turn    (no ring)
MPRegen 0.09/turn

%: repel missiles
@: lethally poisoned (-6 -> -12)
A: large, unfitting armour, claws 3, regeneration 1, shaggy fur 1, tough skin 1
a: Renounce Religion, Berserk, Trog's Hand


You were on level 4 of the Dungeon.
You worshipped Trog.
Trog was pleased with you.
You visited 2 branches of the dungeon, and saw 6 of its levels.

You collected 155 gold pieces.
You spent 90 gold pieces at shops.

Inventory:

Armour
 a - a +0 animal skin (worn)
 k - a +1 hat (worn)
 o - a scarf of repulsion (worn)
Scrolls
 d - a scroll of fear
 f - a scroll of identify
 g - a scroll of immolation
 h - a scroll of teleportation
 i - 2 scrolls of poison
 j - a scroll of blinking
 l - a scroll of fog
Potions
 b - a potion of might
 e - 2 potions of mutation


   Skills:
 + Level 3.1 Fighting
 + Level 3.4 Dodging
 + Level 0.4 Stealth
 + Level 4.7 Unarmed Combat


You had 4 spell levels left.
You didn't know any spells.
Your spell library contained the following spells:

 Spells                   Type           Power      Damage    Failure   Level
 Ensorcelled Hibernation  Hex/Ice        0%         N/A       67%         2
 Passwall                 Tmut/Erth      0%         N/A       67%         2
 Swiftness                Air            0%         N/A       88%         3


Dungeon Overview and Level Annotations

Branches:
Dungeon (5/15)             Temple (1/1) D:4

Altars:
Ashenzari
Cheibriados
Dithmenos
Elyvilon
Gozag
Hepliaklqana
Kikubaaqudgha
Makhleb
Nemelex Xobeh
Okawaru
Qazlal
Sif Muna
Trog
Vehumet
Wu Jian
Xom
The Shining One

Shops:
D:1 *   D:4 ?

Annotations:
D:4 Dowan, Duvessa


Innate Abilities, Weirdness & Mutations

You are too large for most types of armour.
You have claws for hands.
Your natural rate of healing is unusually fast.
You are covered in fur. (AC +1)
You have tough skin. (AC +1)


Message History

Unknown command.
Dowan attacks as you move away!
Dowan hits you with a +5 dagger of venom.
You are more poisoned.
You feel very sick.
Duvessa zaps a wand.
The puff of flame is repelled.
You feel very sick.
You feel very sick.
Duvessa says, "I don't care about looks, I care about technique!"
Duvessa zaps a wand.
The puff of flame is repelled.
You feel very sick. Duvessa hits you but does no damage.
There is a stone staircase leading up here.
You feel sick. Duvessa closely misses you.
Dowan hits you with a +5 dagger of venom.
* * * LOW HITPOINT WARNING * * *
You are lethally poisoned!
You climb upwards.
* * * LOW HITPOINT WARNING * * *
You feel very sick.
There is a stone staircase leading down here.
You feel better.
Duvessa hits you with a +2 rapier of electrocution.
* * * LOW HITPOINT WARNING * * *
Dowan hits you with a +5 dagger of venom.
* * * LOW HITPOINT WARNING * * *
You are poisoned.
Duvessa hits you but does no damage.
Unknown command.
Dowan attacks as you move away! Dowan hits you but does no damage.
You are lethally poisoned!
* * * LOW HITPOINT WARNING * * *
You feel very sick.
Duvessa hits you with a +2 rapier of electrocution.
* * * LOW HITPOINT WARNING * * *
You closely miss Dowan.
Dowan is heavily wounded.
* * * LOW HITPOINT WARNING * * *
You feel very sick.
Duvessa hits you with a +2 rapier of electrocution!
You die...

#.# #.# #.# #.#
############## #.#
#.............
##.###.############
#####...##.############
#....).................
#.###.@e##..###########
#.##..e..<..# #..
#.##.#.####.# #####..
#.##.#.####.# #......
#.##.#......# #.###..
#.##........# #.# #..
#.########..# ##.#####
#.# #..####.....## #.#
#........_....


You could see Duvessa (fast) and Dowan.

Vanquished Creatures
  A jelly (D:4)
  An orc priest (D:3)
  Jessica (D:3)
  6 adders
  3 orcs (D:3)
  9 ball pythons
  3 endoplasms
  3 giant cockroaches
  6 goblins
  4 hobgoblins
  3 jackals (D:4)
  2 quokkas
  4 bats
  2 frilled lizards
  A kobold (D:2)
  4 rats
53 creatures vanquished.

Vanquished Creatures (others)
  4 plants (D:3)
4 creatures vanquished.

Grand Total: 57 creatures vanquished

Notes
Turn   | Place    | Note
-------+----------+-------------------------------------------
     0 | D:1      | AleXD21137 the Troll Berserker began the quest for the Orb.
     0 | D:1      | Reached XP level 1. HP: 22/22 MP: 0/0
   504 | D:1      | Reached XP level 2. HP: 29/29 MP: 1/1
   715 | D:1      | Found Surgh's Assorted Antiques.
   733 | D:1      | Bought a scroll labelled LEJUAGATEOM for 30 gold pieces
  1050 | D:2      | Found a sparkling altar of Nemelex Xobeh.
  1187 | D:2      | Reached XP level 3. HP: 33/36 MP: 2/2
  1772 | D:3      | Noticed Jessica
  1779 | D:3      | Killed Jessica
  1780 | D:3      | Reached XP level 4. HP: 21/44 MP: 3/3
  1823 | D:3      | Reached skill level 4 in Unarmed Combat
  1856 | D:3      | Reached ** piety under Trog
  2176 | D:3      | Reached XP level 5. HP: 3/53 MP: 4/4
  2177 | D:3      | HP: 1/53 [orc/+0 flail (4)]
  2296 | D:4      | Found a staircase to the Ecumenical Temple.
  2328 | Temple   | Entered the Ecumenical Temple
  2584 | D:4      | Upgraded the game from 0.30-a0-1116-gebefce21f7 to
                  | 0.30-a0-1157-g2cc9ac7196
  2961 | D:4      | Found a snail-covered altar of Cheibriados.
  2962 | D:4      | Found a hazy altar of Hepliaklqana.
  2962 | D:4      | Found a stormy altar of Qazlal.
  3080 | D:4      | Found Qylaotuu's Magic Scroll Emporium.
  3107 | D:4      | Bought a scroll of identify for 20 gold pieces
  3107 | D:4      | Bought a scroll of immolation for 40 gold pieces
  3444 | D:5      | Entered Level 5 of the Dungeon
  3444 | D:5      | Noticed Dowan
  3446 | D:5      | Noticed Duvessa
  3461 | D:4      | HP: 1/53 [poisoned by Dowan]
  3461 | D:4      | Mangled by Duvessa

Illustrated notes

Levels and vault maps discovered:
D:1:      dpeg_arrival_refuge, layout_basic, serial_shops,
          nicolae_shop_hallway_stairs
D:2:      layout_loops_ring, basic_altar, minivault_14
D:3:      cheibrodos_old_hovel, layout_basic, gup_sewer_entry_spiral,
          uniq_jessica
D:4:      layout_loops_ring, chequers_temple_overflow_statue_of_worship,
          minmay_temple_entry_statues_fountains, serial_shops,
          nicolae_shop_window_shopping
D:5:      cheibrodos_barr_body, layout_basic, nicolae_uskayaw_en_pointe,
          serial_shops, nicolae_shop_advertising_works
          [nicolae_subvault_shop_adworks], columned_hall_lemuel, fountainhead,
          uniq_prince_ribbit1, uniq_duvessa
Temple:   eino_temple_water

Skill      XL: |  1  2  3  4 |
---------------+-------------+-----
Dodging        | 3 |  3.4
Unarmed Combat | 4 |  4.7
Fighting       | 3 |  3.1
Stealth        | |  0.4

Action                     |  1- 3 |  4- 6 || total
---------------------------+-------+-------++-------
  Melee: Unarmed           |    69 |    67 ||   136
         Punch             |       |     2 ||     2
    Use: Scroll            |     7 |     2 ||     9
         Potion            |       |     8 ||     8
   Stab: Sleeping          |     1 |       ||     1
 Armour: Animal skin       |    34 |    29 ||    63
  Dodge: Dodged            |    43 |    41 ||    84
         Repelled          |       |     4 ||     4

Table legend: (Time is in decaauts)
 A = Elapsed time spent in this place.
 B = Non-inter-level travel time spent in this place.
 C = Inter-level travel time spent in this place.
 D = Time resting spent in this place.
 E = Time spent auto-exploring this place.
 F = Levels seen in this place.
 G = Mean time per level.
                   A        B        C        D        E       F      G
               +--------+--------+--------+--------+--------+-----+--------+
         Total |   3443 |   3411 |     32 |      0 |   1610 |   6 |  573.8 |
       Dungeon |   3188 |   3156 |     32 |      0 |   1494 |   5 |  637.6 |
        Temple |    254 |    254 |      0 |      0 |    116 |   1 |  254.0 |
               +--------+--------+--------+--------+--------+-----+--------+

Top non-repeatable levels by time:
     D:1: 978 daAuts
     D:4: 975 daAuts
     D:2: 740 daAuts
     D:3: 480 daAuts
  Temple: 254 daAuts
     D:5: 13 daAuts
